 Dungeon Sprint DCSS version 0.17-a0-1651-gae1a69f (webtiles) character file.

10951 Kidiri the Unseen (level 11, -6/47 HPs)
             Began as a Spriggan Enchanter on Aug 14, 2015.
             Was the Champion of Dithmenos.
             Mangled by the 27-headed Lernaean hydra (8 damage)
             ... in the Dungeon (Sprint III: "The Ten Rune Challenge").
             The game lasted 00:13:24 (2511 turns).

Kidiri the Unseen (Spriggan Enchanter)              Turns: 2511, Time: 00:13:25

Health: -6/47      AC:  6    Str:  4    XL:     11   Next: 42%
Magic:  21/30      EV: 32    Int: 19    God:    Dithmenos [******]
Gold:   31         SH:  0    Dex: 18    Spells: 11 memorised, 5 levels left

rFire  . . .     SeeInvis +     b - +2 dagger (venom)
rCold  . . .     Clarity  .     n - +2 robe {MR+}
rNeg   . . .     SustAt   .     (shield restricted)
rPois  .         Gourm    .     (helmet restricted)
rElec  .         Spirit   .     (no cloak)
rCorr  .         Warding  .     (gloves unavailable)
rMut   .         NoTele   +     (boots unavailable)
MR     ++...                    (no amulet)
Stlth  ++++++++..               (no ring)
                                (no ring)

@: wreathed by umbra, very quick, very resistant to hostile enchantments,
extraordinarily stealthy
A: unfitting armour, yellow scales 1, see invisible, herbivore 3, speed 3, slow
metabolism 2
a: Shadow Step, Shadow Form, Renounce Religion


You were in the Dungeon.
You worshipped Dithmenos.
Dithmenos was exalted by your worship.
You were not hungry.

You visited 1 branch You collected 31 gold pieces.

Inventory:

Hand weapons
 b - a +2 dagger of venom (weapon)
Missiles
 p - 10 throwing nets (quivered)
Armour
 e - a +1 robe of cold resistance
 n - a +2 robe of magic resistance (worn)
Scrolls
 j - a scroll of blinking
 l - 3 scrolls of remove curse
Potions
 c - a potion of cure mutation
 f - a potion of heal wounds
 g - a potion of haste
 h - a potion of magic
 i - 2 potions of berserk rage
 k - 2 potions of might
 o - 3 potions of flight
 s - a potion of invisibility {unknown}
Books
 a - a book of Death

   Spells                             Type                      Level
   a - Corpse Rot                     Necromancy                   2
   b - Sublimation of Blood           Necromancy                   2
   c - Agony                          Necromancy                   5
   d - Dispel Undead                  Necromancy                   5
   e - Excruciating Wounds            Charms/Necromancy            5
   f - Bolt of Draining               Conjuration/Necromancy       5
Comestibles
 d - a bread ration
 m - 31 royal jellies
 q - 6 fruits


   Skills:
 + Level 9.4 Short Blades
 * Level 16.1 Dodging
 * Level 17.8 Stealth
 * Level 14.0 Spellcasting
 + Level 6.0 Conjurations
 + Level 10.8 Hexes
 + Level 4.7 Necromancy
 + Level 6.6 Ice Magic
 + Level 6.3 Air Magic
 + Level 7.1 Poison Magic
 - Level 4.4 Invocations


You had 5 spell levels left.
You knew the following spells:

 Your Spells              Type           Power        Failure   Level  Hunger
a - Corona                Hex            ######.      1%          1    None
b - Ensorcelled Hibernat  Hex/Ice        #####.       1%          2    None
c - Confuse               Hex            ######..     1%          3    None
d - Tukima's Dance        Hex            ######..     1%          3    None
e - Dazzling Spray        Conj/Hex       #####...     1%          3    None
f - Cure Poison           Pois           #####.....   1%          2    None
g - Mephitic Cloud        Conj/Pois/Air  #####...     1%          3    None
h - Olgreb's Toxic Radia  Pois           #####...     2%          4    None
i - Venom Bolt            Conj/Pois      #####.....   12%         5    ####...
j - Sublimation of Blood  Necr           ####......   1%          2    None
k - Bolt of Draining      Conj/Necr      ####......   17%         5    ####...


Dungeon Overview and Level Annotations

Branches:
Dungeon (1/1)

Altars:
Cheibriados
Dithmenos
Elyvilon
Fedhas
Gozag
Kikubaaqudgha
Makhleb
Nemelex Xobeh
Okawaru
Qazlal
Ru
Sif Muna
Trog
Vehumet
Xom
Yredelemnul
Zin
The Shining One
Jiyva
Lugonu

Shops:
D [!}

Annotations:
D Lernaean hydra


Innate Abilities, Weirdness & Mutations

You are tiny and cannot use many weapons and most armour.
You have supernaturally acute eyesight.
You are a herbivore.
You cover ground extremely quickly.
You need consume almost no food.
You are partially covered in yellow scales (AC +2).


Message History

The 27-headed Lernaean hydra is drained!
The 27-headed Lernaean hydra is lightly wounded.
Your shadow mimicks your spell!
The shadow bolt hits the 27-headed Lernaean hydra.
You enter the shallow water.
Moving in this stuff is going to be slow.
The 27-headed Lernaean hydra bites you.
The 27-headed Lernaean hydra barely misses you.
The 27-headed Lernaean hydra completely misses you.
The 27-headed Lernaean hydra bites you! x2
You emit a cloud of dark smoke.
The 27-headed Lernaean hydra bites you!
* * * LOW HITPOINT WARNING * * *
The 27-headed Lernaean hydra bites you.
* * * LOW HITPOINT WARNING * * *
The 27-headed Lernaean hydra bites you!
* * * LOW HITPOINT WARNING * * *
The 27-headed Lernaean hydra misses you.
The 27-headed Lernaean hydra completely misses you.
The 27-headed Lernaean hydra bites you!
You die...

,,,,,**#.♣♣ *,,,,,+,,,+,
,,,,,,*#♣.♣ *,********** ****,,*
♣.♣♣ *##### *,*,,,,,,,,, ,,,,,,*
♣♣.♣ *..≈φ# *,*,,,,,,,** ,,,,,**
♣.♣♣ *....# *,*,,,,,***, ******
♣.♣♣ *D.D.# *,*,,,***,*, ,,,,,**
♣.%♣♣#...#* *,*,***,,,*, ,,,,,,*
♣♣.♣♣†####♣♣ *,*+*,,,,,*, ****,,*
♣♣.♣♣§D@§§♣ *,*,,,,,,,*, ,,,,,,*
♣♣.≈♣♣♣♣♣♣≈♣ *,*,,,,,,,** ,,,,,**
♣..P.≈.P§P.♣ *,,,,,,,,,*, *******
♣.≈..[.§P§.♣ *********,*, ,,,,,,*
♣.♣≈.≈≈....♣ *,*,*,*,*,,, ,,,,,,*
♣♣♣♣♣♣♣♣∩∩∩♣ *,,,,,,,,,,, *******
♣♣♣♣♣ *,,,,,,,,,,,
************************+********
,,,,,,**,≈,,,,≈,*,,,***,,,**,*≈≈≈


You could see the 27-headed Lernaean hydra.

Vanquished Creatures
  Maud (D)
  Erolcha (D)
  A hydra (D)
  A death drake (D)
  A spriggan druid (D)
  2 swamp dragons (D)
  A lindwurm (D)
  2 spiny frogs (D)
  A komodo dragon (D)
  3 wandering mushrooms (D)
  A deep elf priest (D)
  A queen bee (D)
  2 spriggans (D)
  2 trapdoor spiders (D)
  4 redbacks (D)
  A shadow (D)
  A spatial vortex (D)
  2 hill giants (D)
  A necrophage (D)
  2 swamp drakes (D)
  2 brain worms (D)
  3 two-headed ogres (D)
  A water elemental (D)
  28 killer bees (D)
  A jelly (D)
  A wolf (D)
  A wizard (D)
  A necromancer (D)
  3 humans (D)
  A kobold demonologist (D)
  An ooze (D)
  3 rats (D)
  A ballistomycete (D)
  A giant spore (D)
  2 plants (D)
81 creatures vanquished.

Vanquished Creatures (collateral kills)
  3 killer bees (D)
3 creatures vanquished.

Vanquished Creatures (others)
  2 draconian scorchers (D)
  2 hydras (D)
  2 yaktaurs (D)
  A killer bee (D)
  An electric eel (D)
8 creatures vanquished.

Grand Total: 92 creatures vanquished

Notes
Turn   | Place    | Note
--------------------------------------------------------------
     0 | D        | Kidiri the Spriggan Enchanter began the quest for the Orb.
     0 | D        | Reached XP level 1. HP: 9/9 MP: 5/5
    13 | D        | Reached skill level 5 in Stealth
    60 | D        | Killed a yaktaur
   106 | D        | Noticed a wolf
   109 | D        | Killed a wolf
   109 | D        | Reached skill level 5 in Dodging
   109 | D        | Reached skill level 6 in Stealth
   109 | D        | Reached XP level 2. HP: 13/13 MP: 6/8
   109 | D        | Reached XP level 3. HP: 16/16 MP: 6/9
   130 | D        | Learned a level 2 spell: Ensorcelled Hibernation
   134 | D        | Learned a level 3 spell: Confuse
   138 | D        | Learned a level 3 spell: Tukima's Dance
   231 | D        | Reached skill level 7 in Stealth
   232 | D        | Killed a white draconian scorcher
   294 | D        | Killed a white draconian scorcher
   485 | D        | Gained mutation: Your body sometimes deteriorates upon taking damage. [potion of mutation]
   485 | D        | Gained mutation: Your muscles are strong. (Str +2) [potion of mutation]
   486 | D        | Gained mutation: Your magical capacity is low (-10% MP). [potion of mutation]
   486 | D        | Gained mutation: You are partially covered in yellow scales (AC +2). [potion of mutation]
   486 | D        | Gained mutation: You possess an exceptional clarity of mind. [potion of mutation]
   487 | D        | Lost mutation: Your magical capacity is low (-10% MP). [potion of cure mutation]
   487 | D        | Lost mutation: You possess an exceptional clarity of mind. [potion of cure mutation]
   487 | D        | Lost mutation: Your muscles are strong. (Str +2) [potion of cure mutation]
   487 | D        | Lost mutation: Your body sometimes deteriorates upon taking damage. [potion of cure mutation]
   631 | D        | Noticed a water elemental
   633 | D        | Killed a water elemental
   633 | D        | Reached skill level 8 in Stealth
   633 | D        | Reached skill level 5 in Spellcasting
   633 | D        | Reached skill level 5 in Hexes
   633 | D        | Reached skill level 1 in Ice Magic
   633 | D        | Reached XP level 4. HP: 21/21 MP: 10/12
   638 | D        | Learned a level 3 spell: Dazzling Spray
   667 | D        | Noticed a jelly
   668 | D        | Noticed a shadow
   670 | D        | Killed a shadow
   670 | D        | Reached skill level 10 in Stealth
   670 | D        | Reached skill level 1 in Conjurations
   670 | D        | Reached XP level 5. HP: 24/24 MP: 12/15
   674 | D        | Killed a jelly
   674 | D        | Reached XP level 6. HP: 28/28 MP: 12/17
   706 | D        | Found a stormy altar of Qazlal.
   707 | D        | Noticed a spatial vortex
   707 | D        | Found a sacrificial altar of Ru.
   707 | D        | Found a burning altar of Makhleb.
   707 | D        | Found a viscous altar of Jiyva.
   707 | D        | Found a shimmering altar of Xom.
   707 | D        | Found a shadowy altar of Dithmenos.
   707 | D        | Found a sparkling altar of Nemelex Xobeh.
   707 | D        | Found a corrupted altar of Lugonu.
   707 | D        | Found an opulent altar of Gozag.
   711 | D        | Became a worshipper of Dithmenos the Shadowed
   735 | D        | Killed a spatial vortex
   735 | D        | Reached skill level 5 in Short Blades
   735 | D        | Reached skill level 11 in Stealth
   735 | D        | Reached skill level 1 in Invocations
   919 | D        | Found a radiant altar of Vehumet.
   920 | D        | Found a deep blue altar of Sif Muna.
   920 | D        | Found an ancient bone altar of Kikubaaqudgha.
   920 | D        | Noticed a wizard
   921 | D        | Killed a wizard
   934 | D        | Learned a level 2 spell: Cure Poison
   938 | D        | Learned a level 3 spell: Mephitic Cloud
   943 | D        | Learned a level 4 spell: Olgreb's Toxic Radiance
   992 | D        | Found a glowing silver altar of Zin.
   993 | D        | Found a glowing golden altar of the Shining One.
   993 | D        | Found a white marble altar of Elyvilon.
   993 | D        | Noticed a deep elf priest
   995 | D        | Killed a deep elf priest
   995 | D        | Reached skill level 10 in Dodging
   995 | D        | Reached skill level 1 in Air Magic
   995 | D        | Reached skill level 1 in Poison Magic
   995 | D        | Reached XP level 7. HP: 32/32 MP: 18/20
  1010 | D        | Found an iron altar of Okawaru.
  1011 | D        | Found a bloodstained altar of Trog.
  1011 | D        | Noticed a human
  1011 | D        | Noticed a human
  1013 | D        | Killed a human
  1013 | D        | Reached skill level 12 in Stealth
  1014 | D        | Killed a human
  1043 | D        | Found a snail-covered altar of Cheibriados.
  1043 | D        | Noticed a necrophage
  1044 | D        | Found a basalt altar of Yredelemnul.
  1044 | D        | Found a blossoming altar of Fedhas.
  1044 | D        | Noticed a necromancer
  1045 | D        | Killed a necrophage
  1045 | D        | Acquired Dithmenos's first power
  1045 | D        | Reached XP level 8. HP: 36/36 MP: 22/22
  1049 | D        | Killed a necromancer
  1093 | D        | Learned a level 5 spell: Venom Bolt
  1137 | D        | Noticed a two-headed ogre
  1137 | D        | Noticed a two-headed ogre
  1141 | D        | Killed a two-headed ogre
  1143 | D        | Killed a two-headed ogre
  1147 | D        | Noticed a two-headed ogre
  1148 | D        | Killed a two-headed ogre
  1148 | D        | Acquired Dithmenos's second power
  1148 | D        | Reached skill level 10 in Spellcasting
  1154 | D        | Noticed a hill giant
  1171 | D        | Killed a hill giant
  1241 | D        | Noticed a hill giant
  1241 | D        | Noticed Erolcha
  1243 | D        | Killed Erolcha
  1243 | D        | Reached skill level 13 in Stealth
  1243 | D        | Reached XP level 9. HP: 39/39 MP: 24/24
  1244 | D        | Killed a hill giant
  1268 | D        | Noticed a redback
  1271 | D        | Killed a redback
  1271 | D        | Acquired Dithmenos's third power
  1271 | D        | Reached skill level 14 in Stealth
  1293 | D        | Noticed a trapdoor spider
  1296 | D        | Killed a trapdoor spider
  1332 | D        | Noticed a trapdoor spider
  1335 | D        | Killed a trapdoor spider
  1540 | D        | Noticed a killer bee
  1540 | D        | Noticed a killer bee
  1540 | D        | Noticed a killer bee
  1540 | D        | Noticed a killer bee
  1540 | D        | Noticed a killer bee
  1540 | D        | Noticed a killer bee
  1540 | D        | Noticed a killer bee
  1540 | D        | Noticed a killer bee
  1540 | D        | Noticed a killer bee
  1540 | D        | Noticed a killer bee
  1540 | D        | Noticed a killer bee
  1540 | D        | Noticed a killer bee
  1540 | D        | Noticed a killer bee
  1540 | D        | Noticed a killer bee
  1540 | D        | Noticed a killer bee
  1542 | D        | Noticed a killer bee
  1542 | D        | Noticed a queen bee
  1542 | D        | Noticed a killer bee
  1543 | D        | Noticed a killer bee
  1544 | D        | Noticed a killer bee
  1544 | D        | Noticed a killer bee
  1545 | D        | Killed a killer bee
  1547 | D        | Killed a killer bee
  1547 | D        | Reached skill level 5 in Ice Magic
  1547 | D        | Killed a killer bee
  1547 | D        | Acquired Dithmenos's fourth power
  1550 | D        | Noticed a killer bee
  1550 | D        | Killed a killer bee
  1550 | D        | Killed a killer bee
  1551 | D        | Noticed a killer bee
  1551 | D        | Noticed a killer bee
  1551 | D        | Killed a killer bee
  1552 | D        | Noticed a killer bee
  1552 | D        | Noticed a killer bee
  1552 | D        | Noticed a killer bee
  1552 | D        | Noticed a killer bee
  1552 | D        | Noticed a killer bee
  1552 | D        | Noticed a killer bee
  1552 | D        | Noticed a killer bee
  1552 | D        | Noticed a killer bee
  1552 | D        | Noticed a killer bee
  1554 | D        | Killed a killer bee
  1555 | D        | Killed a killer bee
  1558 | D        | Killed a killer bee
  1559 | D        | Killed a killer bee
  1561 | D        | Killed a killer bee
  1564 | D        | Killed a killer bee
  1566 | D        | Killed a killer bee
  1568 | D        | Killed a killer bee
  1570 | D        | Killed a killer bee
  1575 | D        | Killed a killer bee
  1709 | D        | Learned a level 2 spell: Sublimation of Blood
  1711 | D        | Killed a killer bee
  1713 | D        | Killed a killer bee
  1716 | D        | Killed a queen bee
  1718 | D        | Killed a killer bee
  1718 | D        | Reached skill level 1 in Necromancy
  1722 | D        | Killed a killer bee
  1722 | D        | Reached skill level 15 in Stealth
  1722 | D        | Reached skill level 5 in Poison Magic
  1725 | D        | Killed a killer bee
  1728 | D        | Killed a killer bee
  1730 | D        | Killed a killer bee
  1732 | D        | Killed a killer bee
  1863 | D        | Killed a killer bee
  1873 | D        | Killed a killer bee
  1874 | D        | Killed a killer bee
  1875 | D        | Killed a killer bee
  1875 | D        | Reached XP level 10. HP: 44/44 MP: 17/26
  1880 | D        | Killed a killer bee
  1882 | D        | Killed a killer bee
  1883 | D        | Killed a killer bee
  1898 | D        | Killed a killer bee
  2121 | D        | Noticed a wandering mushroom
  2139 | D        | Killed a yaktaur
  2164 | D        | Noticed a wandering mushroom
  2165 | D        | Noticed a wandering mushroom
  2168 | D        | Killed a wandering mushroom
  2173 | D        | Killed a wandering mushroom
  2173 | D        | Killed an electric eel
  2176 | D        | Killed a wandering mushroom
  2202 | D        | Killed a four-headed hydra
  2294 | D        | Noticed a spiny frog
  2294 | D        | Noticed a komodo dragon
  2294 | D        | Noticed a spiny frog
  2299 | D        | Killed a spiny frog
  2299 | D        | Reached skill level 5 in Air Magic
  2300 | D        | Killed a komodo dragon
  2300 | D        | Reached skill level 5 in Conjurations
  2302 | D        | Killed a spiny frog
  2302 | D        | Reached skill level 16 in Stealth
  2304 | D        | Noticed a redback
  2306 | D        | Killed a redback
  2307 | D        | Noticed a brain worm
  2319 | D        | Killed a brain worm
  2338 | D        | Killed a six-headed hydra
  2376 | D        | Learned a level 5 spell: Bolt of Draining
  2379 | D        | Noticed a brain worm
  2381 | D        | Killed a brain worm
  2384 | D        | Noticed a lindwurm
  2386 | D        | Noticed a redback
  2387 | D        | Killed a lindwurm
  2389 | D        | Killed a redback
  2394 | D        | Noticed a redback
  2395 | D        | Killed a redback
  2395 | D        | Reached skill level 10 in Hexes
  2396 | D        | Noticed Maud
  2398 | D        | Killed Maud
  2398 | D        | Reached skill level 15 in Dodging
  2398 | D        | Reached XP level 11. HP: 47/47 MP: 27/29
  2406 | D        | Noticed a death drake
  2409 | D        | Killed a death drake
  2409 | D        | Reached skill level 17 in Stealth
  2416 | D        | Found a blossoming altar of Fedhas.
  2416 | D        | Noticed a spriggan
  2416 | D        | Noticed a spriggan druid
  2416 | D        | Noticed a spriggan
  2418 | D        | Killed a spriggan druid
  2419 | D        | Killed a spriggan
  2420 | D        | Killed a spriggan
  2447 | D        | Noticed a swamp drake
  2447 | D        | Noticed a swamp dragon
  2449 | D        | Killed a swamp drake
  2452 | D        | Found Yneesh's Antique Armour Emporium.
  2452 | D        | Found Ejonoe's Distillery.
  2452 | D        | Found Nepnul's Gadget Shoppe.
  2453 | D        | Killed a swamp dragon
  2454 | D        | Noticed a swamp drake
  2457 | D        | Killed a swamp drake
  2500 | D        | Noticed a five-headed hydra
  2500 | D        | Noticed the 27-headed Lernaean hydra
  2500 | D        | Noticed a swamp dragon
  2504 | D        | Killed a swamp dragon
  2508 | D        | Killed a five-headed hydra
  2511 | D        | HP: 2/47 [the 27-headed Lernaean hydra (8)]
  2511 | D        | Mangled by the 27-headed Lernaean hydra

Vault maps used:
D:        dungeon_sprint_mu

Action                   |  1- 3 |  4- 6 |  7- 9 | 10-12 || total
-------------------------+-------+-------+-------+-------++-------
Melee: Dagger            |    14 |    13 |    51 |    78 ||   156
 Cast: Ensorcelled Hiber |     2 |       |    33 |     5 ||    40
       Confuse           |     2 |       |     1 |     2 ||     5
       Dazzling Spray    |       |     5 |     3 |     9 ||    17
       Mephitic Cloud    |       |       |     2 |     1 ||     3
       Bolt of Draining  |       |       |       |     1 ||     1
Invok: Shadow Step       |       |       |       |     3 ||     3
  Use: Potion            |     5 |       |       |       ||     5
       Scroll            |     4 |       |       |       ||     4
 Stab: Sleeping          |     5 |     5 |    29 |    19 ||    58
       Invisible         |       |       |     1 |     1 ||     2
       Confused          |       |       |     2 |       ||     2
